 Dungeon Crawl Stone Soup version 0.30-a0-347-gf58ed5266c (console) character file.

Game seed: 12612379556852213707

12803 jejorda2 the Impaler (level 11, -11/84 HPs)
             Began as a Merfolk Berserker on Nov 5, 2022.
             Was an Elder of Trog.
             Mangled by Erolcha
             ... wielding a +0 giant spiked club
              (17 damage)
             ... on level 10 of the Dungeon.
             The game lasted 00:30:33 (9037 turns).

jejorda2 the Impaler (Merfolk Berserker)            Turns: 9037, Time: 00:30:34

Health: -11/84     AC: 26    Str: 22    XL:     11   Next: 99%
Magic:  11/11      EV:  7    Int:  7    God:    Trog [****..]
Gold:   129        SH:  0    Dex: 13    Spells: 10/10 levels left

rFire   . . .      SeeInvis .    a - +0 bardiche
rCold   . . .      Faith    +    (shield currently unavailable)
rNeg    . . .      Spirit   .    C - +4 plate armour {Will+}
rPois   .          Reflect  .    j - +2 helmet
rElec   .          Harm     .    F - +2 cloak
rCorr   .          Rampage  .    t - +2 pair of gloves
Will    ++++.                    (no boots)
Stlth   ..........               u - amulet of faith
HPRegen 1.34/turn                f - ring of willpower
MPRegen 0.12/turn                d - ring of flight

@: about to teleport, silenced, strong-willed, on berserk cooldown, flying,
regenerating, slowed, very slow
A: (nimble swimmer 2), mertail
a: Renounce Religion


You were on level 10 of the Dungeon.
You worshipped Trog.
Trog was greatly pleased with you.
You visited 1 branch of the dungeon, and saw 10 of its levels.
You visited the Abyss 1 time.

You collected 648 gold pieces.
You spent 519 gold pieces at shops.

Inventory:

Hand Weapons
 a - a +0 bardiche (weapon)
 b - a +0 trident
Missiles
 h - 159 stones (quivered)
 n - 2 throwing nets
 p - 9 poisoned darts
 y - 2 boomerangs
 E - 3 silver boomerangs
Armour
 j - a +2 helmet (worn)
 k - +0 ice dragon scales
 t - a +2 pair of gloves (worn)
 C - a +4 plate armour of willpower (worn)
 F - a +2 cloak (worn)
Jewellery
 d - a ring of flight (right hand)
 f - a ring of willpower (left hand)
 u - an amulet of faith (around neck)
Wands
 D - a wand of mindburst (7)
 H - a wand of iceblast (4)
Scrolls
 e - a scroll of blinking
 g - 4 scrolls of teleportation
 i - a scroll of silence
 l - a scroll of magic mapping
 w - 2 scrolls of fog
 z - a scroll of torment
 J - 2 scrolls of poison
Potions
 c - a potion of haste
 m - 2 potions of attraction
 o - a potion of cancellation
 q - 3 potions of mutation
 s - a potion of might
 v - a potion of lignification {unknown}
 A - a potion of invisibility
 B - a potion of ambrosia
 I - a potion of curing


   Skills:
 + Level 7.0 Fighting
 * Level 19.0 Polearms
 + Level 3.0 Throwing
 - Level 6.0 Armour
 - Level 2.6 Dodging
 - Level 6.0 Evocations


You had 10 spell levels left.
You didn't know any spells.
Your spell library was empty.

Dungeon Overview and Level Annotations

Branches:
Dungeon (10/15)            Temple (0/1) D:6
   Lair: D:8-11         Orc: D:9-12

Altars:
Fedhas
Makhleb
Sif Muna
Trog
Uskayaw
Vehumet
Xom
Yredelemnul

Shops:
D:2 ?   D:7 (

Annotations:
D:6 2 transporters
D:10 Erolcha


Innate Abilities, Weirdness & Mutations

((You are very nimble when in or above water. (Stealth+, EV+, Speed+++)))
Your lower body shifts to a powerful aquatic tail in water.


Message History

You barely miss the orc wizard.
The orc wizard hits you but does no damage.
The orc hits you but does no damage.
You slice the orc!!
You kill the orc!
Trog accepts your kill.
You completely miss the orc wizard.
The orc wizard hits you with a +0 dagger.
* * * LOW HITPOINT WARNING * * *
You barely miss the orc wizard.
The orc wizard hits you but does no damage.
You barely miss the orc wizard. You barely miss the orc wizard.
The orc wizard barely misses you.
You slice the orc wizard!!
You kill the orc wizard!
Trog accepts your kill.
Trog appreciates your killing of a magic user.
You feel a strong urge to attack something.
You are no longer berserk.
You are exhausted.
You feel yourself slow down. Something hits you!
* * * LOW HITPOINT WARNING * * *
Something hits you.
* * * LOW HITPOINT WARNING * * *
Erolcha appears from thin air!
Reactivating autopickup.
Erolcha gestures wildly while chanting.
Erolcha flickers and vanishes!
Deactivating autopickup; reactivate with Ctrl-A.
Your skin crawls.
You feel strong-willed. Something hits you but does no damage.
As you read the scroll of teleportation, it crumbles to dust.
You feel strangely unstable. Something hits you!
* * * LOW HITPOINT WARNING * * *
You can't see any enemies this would affect, really read the scroll of silence?
As you read the scroll of silence, it crumbles to dust.
A profound silence engulfs you. Something hits you!
You die...

#.........)...........######
#.........##################
#.........#......... #....
#..####>..#......... #....
#.........#........ #....
#.........#........ #....
#.........#.....# #....
#......#'##.....# #....
#..###.#...@....# #.... #..
#.#..){....# #.... #.
#.#........# #.... #.
#.#....).).# #....
#######..).# #....
#.)).'.... #.... #....#....
##### #....##### #... '.....
#..#


There were no monsters in sight!

Vanquished Creatures
  A rakshasa (Abyss:1)
  4 two-headed ogres
  3 large abominations (Abyss:1)
  Joseph (D:9)
  Maggie (D:10)
  4 rime drakes (D:10)
  A troll (D:9)
  A hornet (D:8)
  6 raiju (Abyss:1)
  Prince Ribbit (D:5)
  4 slime creatures (D:10)
  A shadow (D:10)
  A neqoxec (Abyss:1)
  Menkaure (D:5)
  A water moccasin (D:8)
  3 sky beasts (D:7)
  5 orc warriors
  An ice beast (D:6)
  A black bear (D:7)
  3 centaurs
  3 kobold brigands
  A bullfrog (D:8)
  2 necrophages
  4 scorpions
  Blork the orc (D:4)
  A gnoll sergeant (D:10)
  A small abomination (D:9)
  9 wights
  An electric eel (D:10)
  3 howler monkeys
  A jelly (D:6)
  Crazy Yiuf (D:6)
  3 hounds
  2 gnoll boudas
  4 orc priests
  Jessica (D:3)
  2 iguanas
  8 orc wizards
  Robin (D:3)
  19 gnolls
  12 adders
  A shadow imp (D:8)
  A white imp (D:7)
  An ufetubus (D:6)
  4 dart slugs
  39 orcs
  9 ball pythons
  5 endoplasms
  3 giant cockroaches
  8 hobgoblins
  7 jackals
  4 quokkas
  3 bats
  5 frilled lizards
  21 goblins
  19 kobolds
  7 rats
261 creatures vanquished.

Vanquished Creatures (collateral kills)
  3 raiju (Abyss:1)
3 creatures vanquished.

Vanquished Creatures (others)
  A wizard (D:9)
  10 plants (D:4)
11 creatures vanquished.

Grand Total: 275 creatures vanquished

Notes
Turn   | Place    | Note
-------+----------+-------------------------------------------
     0 | D:1      | jejorda2 the Merfolk Berserker began the quest for the Orb.
     0 | D:1      | Reached XP level 1. HP: 18/18 MP: 1/1
   114 | D:1      | Reached XP level 2. HP: 24/24 MP: 2/2
   427 | D:1      | Reached XP level 3. HP: 29/29 MP: 3/3
  1025 | D:2      | Reached skill level 5 in Polearms
  1250 | D:2      | Found a radiant altar of Vehumet.
  1304 | D:2      | Reached XP level 4. HP: 37/37 MP: 4/4
  1651 | D:2      | Found Duryrauf's Magic Scroll Boutique.
  1678 | D:2      | Bought a scroll of blinking for 105 gold pieces
  1678 | D:2      | Bought a scroll of teleportation for 42 gold pieces
  1771 | D:2      | Reached ** piety under Trog
  1904 | D:3      | Reached skill level 6 in Polearms
  1904 | D:3      | Reached XP level 5. HP: 40/42 MP: 5/5
  2075 | D:3      | Noticed Jessica
  2087 | D:3      | Killed Jessica
  2274 | D:3      | Noticed Robin
  2305 | D:3      | Killed Robin
  2354 | D:3      | Reached XP level 6. HP: 49/49 MP: 6/6
  2647 | D:4      | Found a blossoming altar of Fedhas.
  2791 | D:4      | Reached *** piety under Trog
  2812 | D:4      | Noticed Blork the orc
  2816 | D:4      | Killed Blork the orc
  2817 | D:4      | Reached skill level 7 in Polearms
  3287 | D:2      | Bought a scroll of fog for 56 gold pieces
  3287 | D:2      | Bought a scroll of identify for 28 gold pieces
  3349 | D:5      | Entered Level 5 of the Dungeon
  3354 | D:5      | Reached skill level 5 in Fighting
  3356 | D:5      | Reached XP level 7. HP: 43/56 MP: 7/7
  3523 | D:5      | Reached skill level 8 in Polearms
  3949 | D:5      | Noticed Prince Ribbit
  3954 | D:5      | Noticed Menkaure
  3963 | D:5      | Killed Menkaure
  3981 | D:5      | Killed Prince Ribbit
  3982 | D:5      | Reached skill level 9 in Polearms
  3982 | D:5      | Reached XP level 8. HP: 49/64 MP: 8/8
  4157 | D:6      | Found a transporter.
  4183 | D:6      | Reached skill level 10 in Polearms
  4210 | D:6      | Found a transporter.
  4211 | D:6      | Found a staircase to the Ecumenical Temple.
  4256 | D:6      | Reached **** piety under Trog
  4313 | D:6      | Found a runed translucent door.
  4314 | D:6      | Noticed Crazy Yiuf
  4322 | D:6      | Killed Crazy Yiuf
  4558 | D:6      | Reached skill level 11 in Polearms
  4871 | D:7      | Reached XP level 9. HP: 59/69 MP: 9/9
  4997 | D:7      | Found Suclil's Antique Weapon Shop.
  5070 | D:7      | Found a hide-covered altar of Uskayaw.
  5070 | D:7      | Found a shimmering blue altar of Sif Muna.
  5071 | D:7      | Found a basalt altar of Yredelemnul.
  5169 | D:7      | Reached skill level 12 in Polearms
  5380 | D:7      | Reached skill level 5 in Armour
  5742 | D:8      | Noticed a hornet
  5752 | D:8      | Killed a hornet
  5753 | D:8      | Reached skill level 13 in Polearms
  6248 | D:8      | Noticed a two-headed ogre
  6269 | D:8      | Killed a two-headed ogre
  6270 | D:8      | Reached skill level 14 in Polearms
  6270 | D:8      | Reached XP level 10. HP: 76/76 MP: 10/10
  6416 | D:7      | Bought a bardiche for 288 gold pieces
  6582 | D:9      | Reached skill level 1 in Evocations
  6735 | D:9      | Noticed a two-headed ogre
  6746 | D:9      | Killed a two-headed ogre
  6747 | D:9      | Reached skill level 15 in Polearms
  6911 | D:9      | Found a burning altar of Makhleb.
  6957 | D:9      | Noticed Joseph
  6972 | D:9      | Killed Joseph
  7067 | D:9      | Noticed a two-headed ogre
  7074 | D:9      | Killed a two-headed ogre
  7075 | D:9      | Reached skill level 16 in Polearms
  7392 | D:9      | Found a bloodstained altar of Trog.
  7394 | D:9      | Noticed a wizard
  7399 | D:9      | Killed a wizard
  7499 | Abyss:1  | Cast into level 1 of the Abyss (wight)
  7561 | Abyss:1  | Noticed a large abomination
  7572 | Abyss:1  | Killed a large abomination
  7573 | Abyss:1  | Reached skill level 17 in Polearms
  7573 | Abyss:1  | Reached XP level 11. HP: 79/81 MP: 11/11
  7654 | Abyss:1  | Noticed a starcursed mass
  7671 | Abyss:1  | Reached skill level 5 in Evocations
  7784 | Abyss:1  | Noticed a starcursed mass
  7890 | Abyss:1  | Noticed a rakshasa
  7910 | Abyss:1  | Killed a rakshasa
  7911 | Abyss:1  | Reached skill level 18 in Polearms
  7913 | D:9      | Escaped the Abyss
  8156 | D:10     | Entered Level 10 of the Dungeon
  8323 | D:10     | Reached skill level 1 in Throwing
  8378 | D:10     | Found a shimmering altar of Xom.
  8632 | D:10     | Noticed Maggie
  8647 | D:10     | Killed Maggie
  8752 | D:10     | Found the +4 skin of Zhor {*Englaciate rC+++ SInv}
  8888 | D:10     | Noticed a two-headed ogre
  8897 | D:10     | Killed a two-headed ogre
  9002 | D:10     | Noticed Erolcha
  9021 | D:10     | Reached skill level 19 in Polearms
  9036 | D:10     | HP: 3/84 [something (10)]
  9037 | D:10     | Mangled by Erolcha

Illustrated notes

Levels and vault maps discovered:
D:1:      dpeg_arrival_erosion, layout_basic
D:2:      layout_basic, serial_shops, shop, basic_altar
D:3:      layout_basic, uniq_robin, uniq_jessica
D:4:      layout_gridville, mainiacjoe_overflow_paths, serial_bayou,
          serial_bayou_pond_c, serial_bayou_lake_a, serial_bayou_shore_a,
          serial_bayou_shore_b, serial_bayou_shore_b, serial_bayou_pond_d,
          uniq_blork_the_orc
D:5:      layout_loops_ring, uniq_prince_ribbit1, uniq_menkaure
D:6:      gammafunk_cloud_chamber, layout_basic, minmay_temple_entry_tees,
          uniq_crazy_yiuf_cottage
D:7:      layout_basic, gammafunk_temple_overflow_claw, serial_shops,
          nicolae_shop_crystal, lemuel_flame_loot_1
D:8:      hellmonk_destroyed_diamonds, layout_basic, kennysheep_generic_room_2
D:9:      layout_loops_corners, bloody_makhleb, trog_wizard,
          minmay_sticks_and_stones
D:10:     layout_stronghold, lemuel_coloured_pillars_altar,
          nicolae_trove_entry_columns, fountainhead, nrook_pool_corridor,
          hellmonk_guarded_unrand_zhor, uniq_maggie, uniq_erolcha

Skill      XL: |  1  2  3  4  5  6  7  8  9 10 11 |
---------------+----------------------------------+-----
Polearms       | 5 6 7 9 11 14 17 19 | 19.0
Armour         | 2 3 4 6 |  6.0
Fighting       | 4 5 6 7 |  7.0
Evocations     | 4 6 |  6.0
Throwing       | 3 |  3.0
Dodging        | |  2.6

Action                   |  1- 3 |  4- 6 |  7- 9 | 10-12 || total
-------------------------+-------+-------+-------+-------++-------
Melee: Spear             |   129 |    13 |       |       ||   142
       Halberd           |       |   145 |   344 |     8 ||   497
       Bardiche          |       |       |       |   282 ||   282
Throw: Stone             |       |     1 |     2 |     5 ||     8
Invok: Berserk           |     2 |     3 |     6 |    12 ||    23
       Trog's Hand       |       |       |     2 |     6 ||     8
       Brothers in Arms  |       |       |       |     1 ||     1
Evoke: Wand              |       |       |       |     2 ||     2
  Use: Potion            |       |     2 |       |     6 ||     8
       Scroll            |       |     4 |    10 |    13 ||    27
Armor: Animal skin       |     1 |       |       |       ||     1
       Scale mail        |     9 |    33 |       |       ||    42
       Plate armour      |       |    34 |   202 |   158 ||   394
Dodge: Dodged            |    43 |    62 |    76 |    96 ||   277

Table legend: (Time is in decaauts)
 A = Elapsed time spent in this place.
 B = Non-inter-level travel time spent in this place.
 C = Inter-level travel time spent in this place.
 D = Time resting spent in this place.
 E = Time spent auto-exploring this place.
 F = Levels seen in this place.
 G = Mean time per level.
                   A        B        C        D        E       F      G
               +--------+--------+--------+--------+--------+-----+--------+
         Total |   9116 |   8578 |    538 |   1204 |   5495 |  11 |  828.7 |
       Dungeon |   8693 |   8155 |    538 |    998 |   5415 |  10 |  869.3 |
         Abyss |    422 |    422 |      0 |    206 |     80 |   1 |  422.0 |
               +--------+--------+--------+--------+--------+-----+--------+

Top non-repeatable levels by time:
     D:9: 1315 daAuts
     D:1: 1004 daAuts
     D:8: 992 daAuts
     D:2: 937 daAuts
    D:10: 804 daAuts
     D:7: 774 daAuts
     D:3: 754 daAuts
     D:5: 741 daAuts
     D:6: 733 daAuts
     D:4: 636 daAuts
 Abyss:1: 422 daAuts
